 Dungeon Crawl Stone Soup version 0.21-a0-442-g848f44b (webtiles) character file.

4748 Ijustatesigmund the Fighter (level 10, 0/72 (74) HPs)
             Began as an Octopode Artificer on Nov 16, 2017.
             Was an Elder of Okawaru.
             Impaled on a porcupine's spines (12 damage)
             ... on level 9 of the Dungeon.
             The game lasted 00:35:13 (10817 turns).

Ijustatesigmund the Fighter (Octopode Artificer)   Turns: 10817, Time: 00:35:13

HP:   0/72 (74)     AC:  1    Str: 12    XL:     10   Next: 46%
MP:   13/13         EV: 16    Int: 13    God:    Okawaru [****..]
Gold: 415           SH: 12    Dex: 20    Spells: 8/9 levels left

rFire    . . .     SeeInvis .   C - +1 flail (curse)
rCold    . . .     Gourm    .   m - +2 shield
rNeg     + . .     Faith    .   (helmet restricted)
rPois    .         Spirit   .   (no amulet)
rElec    .         Reflect  .   i - +4 ring of dexterity
rCorr    .         Harm     .   w - ring of positive energy
MR       .....                  (no ring)
Stlth    ++++......             (no ring)
HPRegen  0.22/turn              (no ring)
MPRegen  0.13/turn              (no ring)
                                (no ring)
                                (no ring)

@: no status effects
A: almost no armour, stealthy swim, amphibious, 8 rings, constrict 8, camouflage
1, gelatinous body 1
a: Heroism, Renounce Religion


You were on level 9 of the Dungeon.
You worshipped Okawaru.
Okawaru was greatly pleased with you.
You were hungry.

You visited 1 branch of the dungeon, and saw 9 of its levels.
You also visited: Sewer.

You collected 415 gold pieces.

Inventory:

Hand Weapons
 a - a +3 whip of freezing
 n - a +0 blowgun
 x - the +1 rapier of Oteots {pain, +Fly rF+ SInv}
   (You found it on level 6 of the Dungeon)

   In the hands of one skilled in necromantic magic, it inflicts extra damage on
   living creatures.
   It protects you from fire.
   It lets you see invisible.
   It lets you fly.
 y - the +9 spear of the Ass {pierce, Dex+6}
   (You found it on level 6 of the Dungeon)

   It inflicts extra damage upon your enemies.
   It affects your dexterity (+6).
 C - a cursed +1 flail (weapon)
Missiles
 o - 23 poisoned needles
Armour
 m - a +2 shield (worn)
Jewellery
 i - a +4 ring of dexterity (left tentacle)
 w - a ring of positive energy (right tentacle)
Wands
 b - a wand of flame (5/48)
 c - a wand of enslavement (0/24)
 d - a wand of random effects (9/48)
 k - a wand of acid (1/15)
 t - a wand of flame (26/48)
 I - a wand of paralysis (6/24)
 J - a wand of polymorph (0/24)
Scrolls
 p - a scroll of teleportation
 F - 2 scrolls of amnesia
 H - a scroll of identify
Potions
 e - 2 potions of curing
 g - 6 potions of flight
 j - 2 potions of cancellation
 q - 3 potions of haste
 v - 2 potions of agility
 z - a potion of resistance {unknown}
 A - a potion of magic {unknown}
 E - a potion of might {unknown}
Books
 l - a book of Cantrips

   Spells                             Type                      Level
   a - Confusing Touch                Hexes                        1
   b - Animate Skeleton               Necromancy                   1
   c - Summon Small Mammal            Summoning                    1
   d - Apportation                    Translocation                1
 G - a book of Flames

   Spells                             Type                      Level
   a - Flame Tongue                   Conjuration/Fire             1
   b - Throw Flame                    Conjuration/Fire             2
   c - Conjure Flame                  Conjuration/Fire             3
   d - Inner Flame                    Hexes/Fire                   3
   e - Sticky Flame                   Conjuration/Fire             4
   f - Fireball                       Conjuration/Fire             5
Comestibles
 h - 2 meat rations
 s - 6 bread rations


   Skills:
 + Level 9.2 Fighting
 - Level 1.0 Short Blades
 - Level 5.2 Maces & Flails
 - Level 4.3 Polearms
 + Level 7.0 Dodging
 - Level 4.1 Stealth
 - Level 4.8 Shields
 - Level 4.1 Invocations
 - Level 3.2 Evocations


You had 8 spell levels left.
You knew the following spells:

 Your Spells              Type           Power        Failure   Level  Hunger
a - Apportation           Tloc           #.....       75%         1    ##.....


Dungeon Overview and Level Annotations

Branches:
Dungeon (9/15)             Temple (0/1) D:4
   Lair: D:8-11         Orc: D:9-12

Altars:
Ashenzari
Cheibriados
Dithmenos
Kikubaaqudgha
Makhleb
Okawaru
Qazlal
Trog
Vehumet
Wu Jian
Xom
Zin

Annotations:
D:4 2 transporters


Innate Abilities, Weirdness & Mutations

You cannot wear most types of armour.
You are very stealthy in the water. (Stealth+)
You are amphibious.
You can wear up to eight rings at the same time.
You can use your tentacles to constrict eight enemies at once.
Your skin changes colour to match your surroundings (Stealth+).
Your rubbery body absorbs attacks. (AC +1, EV +1)


Message History

2 chunks of flesh; a crocodile skeleton The porcupine twitches its whiskers.
You completely miss the porcupine. The porcupine misses you.
You closely miss the porcupine. Your squeeze misses the porcupine.
You block the porcupine's attack. The porcupine closely misses you.
You hit the porcupine.
The porcupine is lightly wounded.
You block the porcupine's attack.
You are struck by the porcupine's spines.
You thump the porcupine!
The porcupine is almost dead.
You block the porcupine's attack.
You are struck by the porcupine's spines.
* * * LOW HITPOINT WARNING * * *
You closely miss the porcupine. Your squeeze misses the porcupine.
The porcupine is severely wounded.
You block the porcupine's attack. The porcupine bites you!
* * * LOW HITPOINT WARNING * * *
You are struck by the porcupine's spines.
You die...

.PP...PPP..# #.#
P.P.PP.P...# #####.#
.P...PP.... ..# ##......
..P.PP..P. #.###...##.#
P........ ###.#.......#.
..P.%PP.# #.........r###
#.......# #.#...###...#.
#.#..##r###.....#_#.....
#.. #.@|#......#'#..#.#
# #..............##.#
#...#...###....#...
.#########<## #....†...
...........# ######...
############ ##.< ###


You could see a porcupine.

Vanquished Creatures
  A two-headed ogre (D:8)
  A hippogriff (D:9)
  A hog (D:8)
  2 porcupines (D:9)
  Duvessa (D:5)
  2 orc warriors (D:6)
  A sky beast (D:7)
  4 necrophages
  3 ogres
  The ghost of Ijustatesigmund the Skirmisher, an amateur OpAr (D:3)
  3 big kobolds
  A crocodile (D:9)
  4 bullfrogs
  A wyvern zombie (D:7)
  Dowan (D:5)
  6 scorpions
  4 killer bees (D:8)
  7 wights
  A crimson imp (D:6)
  A bullfrog zombie (D:7)
  3 hounds
  2 jellies
  A bullfrog skeleton (D:8)
  5 orc priests
  3 iron imps (D:5)
  2 iguanas
  4 orc wizards
  2 worker ants
  A hound zombie (D:6)
  A hound skeleton (D:5)
  A worker ant zombie (D:7)
  A howler monkey skeleton (D:6)
  7 adders
  A river rat (Sewer)
  3 shadow imps
  2 adder zombies (D:7)
  An ooze (D:5)
  2 adder skeletons
  5 worms
  A dart slug (D:2)
  6 leopard geckos
  34 orcs
  6 bats
  6 giant cockroaches
  11 hobgoblins
  24 kobolds
  5 quokkas
  5 ball pythons
  A frilled lizard (D:1)
  6 goblins
  2 jackal skeletons
  A quokka skeleton (D:6)
  A quokka zombie (D:5)
  12 rats
214 creatures vanquished.

Vanquished Creatures (collateral kills)
  A hippogriff (D:7)
  2 kobolds (D:7)
  A frilled lizard (D:1)
  A rat (D:2)
5 creatures vanquished.

Vanquished Creatures (others)
  An orc wizard (D:6)
  A worker ant (D:8)
  A gnoll (D:6)
  A goblin (D:2)
  A kobold (D:1)
  A rat (D:1)
  13 fungi (D:9)
  2 plants (D:9)
21 creatures vanquished.

Grand Total: 240 creatures vanquished

Notes
Turn   | Place    | Note
-------+----------+-------------------------------------------
     0 | D:1      | Ijustatesigmund the Octopode Artificer began the quest for the Orb.
     0 | D:1      | Reached XP level 1. HP: 13/13 MP: 3/3
   226 | D:1      | Reached skill level 2 in Fighting
   226 | D:1      | Reached XP level 2. HP: 14/19 MP: 4/4
   848 | D:1      | Reached XP level 3. HP: 25/25 MP: 5/5
   973 | D:1      | Reached skill level 3 in Fighting
  1463 | D:2      | Reached skill level 1 in Maces & Flails
  1710 | D:2      | Reached XP level 4. HP: 27/31 MP: 6/6
  1798 | D:2      | Found a faded altar of an unknown god.
  1867 | D:2      | Found an ornate altar of the Wu Jian Council.
  2280 | D:3      | Found a shattered altar of Ashenzari.
  2384 | D:3      | Found a glowing drain.
  2388 | Sewer    | Entered a sewer
  2515 | Sewer    | Reached skill level 1 in Shields
  2533 | Sewer    | Noticed a big kobold
  2539 | Sewer    | Killed a big kobold
  2539 | Sewer    | Reached skill level 4 in Fighting
  2539 | Sewer    | Reached XP level 5. HP: 34/37 MP: 7/7
  2783 | Sewer    | Noticed a big kobold
  2794 | Sewer    | Killed a big kobold
  2794 | Sewer    | Reached XP level 6. HP: 21/44 MP: 8/8
  3027 | D:3      | Noticed Ijustatesigmund's ghost (amateur OpAr)
  3030 | D:3      | Killed Ijustatesigmund's ghost
  3165 | D:3      | Found a radiant altar of Vehumet.
  3351 | D:3      | Reached XP level 7. HP: 49/49 MP: 9/9
  3635 | D:4      | Found a transporter.
  3637 | D:4      | Found a transporter.
  3648 | D:4      | Found an iron altar of Okawaru.
  3648 | D:4      | Found a stormy altar of Qazlal.
  3653 | D:4      | Became a worshipper of Warmaster Okawaru
  3680 | D:4      | Reached skill level 5 in Fighting
  3752 | D:4      | Found a staircase to the Ecumenical Temple.
  3826 | D:4      | Found a shimmering altar of Xom.
  4005 | D:4      | Found an ancient bone altar of Kikubaaqudgha.
  4114 | D:5      | Entered Level 5 of the Dungeon
  4485 | D:5      | Found a burning altar of Makhleb.
  4519 | D:5      | Reached skill level 1 in Invocations
  4707 | D:5      | Noticed Duvessa
  4737 | D:6      | Reached * piety under Okawaru
  4737 | D:6      | Reached XP level 8. HP: 56/56 MP: 10/10
  4799 | D:6      | Learned a level 1 spell: Apportation
  5554 | D:6      | Got a pitted rapier
  5555 | D:6      | Identified the cursed +1 rapier of Oteots {pain, +Fly rF+ SInv} (You found it on level 6 of the Dungeon)
  5639 | D:6      | Reached skill level 5 in Maces & Flails
  6058 | D:5      | Noticed Dowan
  6300 | D:5      | Found a bloodstained altar of Trog.
  6382 | D:5      | Killed Duvessa
  6382 | D:5      | Reached skill level 6 in Fighting
  6383 | D:5      | Killed Dowan
  6770 | D:6      | Got an ebony spear
  6771 | D:6      | Identified the +9 spear of the Ass {pierce, Dex+6} (You found it on level 6 of the Dungeon)
  6793 | D:6      | Reached skill level 1 in Polearms
  6910 | D:6      | Found a bloodstained altar of Trog.
  7011 | D:7      | Reached ** piety under Okawaru
  7011 | D:7      | Reached XP level 9. HP: 49/62 MP: 12/12
  7076 | D:7      | Found a shadowy altar of Dithmenos.
  7293 | D:7      | Found a glowing silver altar of Zin.
  7943 | D:8      | Reached skill level 7 in Fighting
  8012 | D:8      | Reached *** piety under Okawaru
  8581 | D:8      | Reached skill level 5 in Dodging
  8721 | D:8      | Noticed a two-headed ogre
  9623 | D:8      | Reached skill level 8 in Fighting
  9623 | D:8      | Reached XP level 10. HP: 51/72 MP: 13/13
  9747 | D:8      | Killed a two-headed ogre
  9996 | D:9      | Found a snail-covered altar of Cheibriados.
 10450 | D:9      | Reached skill level 9 in Fighting
 10769 | D:9      | Reached **** piety under Okawaru
 10817 | D:9      | Impaled on a porcupine's spines

Vault maps used:
D:1:      minmay_arrival_four_circles
D:2:      old_standard_altar, chequers_ecumenical_altar_simple
D:3:      nicolae_overflow_hidden_temple, old_standard_altar,
          gup_sewer_entry_bowl, minmay_misc_feat_secret_circle
D:4:      gammafunk_steamed_eel, kennysheep_little_box,
          gammafunk_temple_overflow_statue, old_standard_altar,
          minmay_temple_entry_large_hall, first_bread, minmay_misc_feat_roman,
          minmay_ruptured
D:5:      lemuel_round_altar, demons_altar, uniq_duvessa
D:6:      trog_book
D:7:      lemuel_round_altar, nicolae_dithmenos_the_darkroom, serial_undead,
          serial_undead_d, serial_undead_c, serial_undead_e, serial_undead_a
D:9:      kennysheep_mini_moat, due_lair_maze_entry_diamond,
          minmay_misc_feat_diagonals, hangedman_little_slice_of_home
Sewer:    sewer_co_15_rooms

Skill      XL: |  1  2  3  4  5  6  7  8  9 10 |
---------------+-------------------------------+-----
Fighting       | 2 3 4 5 6 8 9 |  9.2
Maces & Flails | 1 2 3 4 5 |  5.2
Shields        | 1 2 3 4 |  4.8
Stealth        | 3 4 |  4.1
Invocations    | 2 4 |  4.1
Polearms       | 2 4 |  4.3
Dodging        | 5 7 |  7.0
Short Blades   | |  1.0
Evocations     | |  3.2

Action                   |  1- 3 |  4- 6 |  7- 9 | 10-12 || total
-------------------------+-------+-------+-------+-------++-------
Melee: Short sword       |    43 |       |       |       ||    43
       Constrict         |    25 |    28 |    78 |    10 ||   141
       Tentacles         |    13 |    27 |    84 |     9 ||   133
       Whip              |    48 |    96 |   159 |       ||   303
       Spear             |       |       |    30 |       ||    30
       Unarmed           |       |       |     5 |       ||     5
       Punch             |       |       |     4 |       ||     4
       Flail             |       |       |   132 |    70 ||   202
Invok: Heroism           |       |       |    11 |     2 ||    13
Evoke: Wand              |    10 |     6 |    27 |     8 ||    51
  Use: Scroll            |     3 |     3 |    18 |       ||    24
       Potion            |     1 |       |     2 |       ||     3
 Stab: Sleeping          |     6 |    14 |    15 |     1 ||    36
       Distracted        |       |       |     4 |       ||     4
       Paralysed         |       |       |       |     6 ||     6
  Eat: Chunk             |     2 |     3 |    11 |     2 ||    18
       Bread ration      |       |     1 |     1 |       ||     2
       Royal jelly       |       |       |     1 |     1 ||     2
Armor: Skin              |     5 |     3 |     5 |       ||    13
Dodge: Dodged            |    64 |    30 |   124 |    29 ||   247
Block: Shield            |       |    26 |   160 |    45 ||   231

Table legend:
 A = Spawn XP
 B = Non-spawn XP
 C = Spawn XP percentage of total XP
 D = Spawn monster count
 E = Non-spawn monster count
 F = Spawn count percentage of total count
 G = Total turns spent on level
                    A         B        C        D         E        F      G
               +---------+---------+-------+---------+---------+-------+---------
         Total |       0 |    6783 |   0.0 |       0 |     220 |   0.0 | 10817
               +---------+---------+-------+---------+---------+-------+---------
           D:1 |       0 |      43 |   0.0 |       0 |      27 |   0.0 |  1365
           D:2 |       0 |      72 |   0.0 |       0 |      24 |   0.0 |   768
           D:3 |       0 |     304 |   0.0 |       0 |      24 |   0.0 |   876
           D:4 |       0 |     247 |   0.0 |       0 |       7 |   0.0 |   482
           D:5 |       0 |     459 |   0.0 |       0 |      14 |   0.0 |  1338
           D:6 |       0 |     889 |   0.0 |       0 |      24 |   0.0 |  1640
           D:7 |       0 |    1345 |   0.0 |       0 |      34 |   0.0 |  1536
           D:8 |       0 |    2262 |   0.0 |       0 |      34 |   0.0 |  1588
           D:9 |       0 |     883 |   0.0 |       0 |       9 |   0.0 |   601
         Sewer |       0 |     279 |   0.0 |       0 |      23 |   0.0 |   623
               +---------+---------+-------+---------+---------+-------+---------
